 Dungeon Crawl Stone Soup version 0.28-a0-850-g09de17f5b5 (webtiles) character file.

Game seed: 5295109847968045966

2 AttackTheMoon the Sneak (level 1, 0/16 HPs)
             Began as an Octopode Delver on Nov 14, 2021.
             Slain by a centaur zombie (2 damage)
             ... on level 6 of the Dungeon.
             The game lasted 00:00:13 (27 turns).

AttackTheMoon the Sneak (Octopode Delver)             Turns: 27, Time: 00:00:14

Health: 0/16       AC:  1    Str: 11    XL:     1   Next: 30%
Magic:  1/1        EV: 13    Int: 12    God:
Gold:   0          SH:  0    Dex: 13    Spells: 0/0 levels left

rFire   . . .      SeeInvis .   a - +0 short sword
rCold   . . .      Faith    .   (no shield)
rNeg    . . .      Spirit   .   (helmet restricted)
rPois   .          Reflect  .   (no amulet)
rElec   .          Harm     .   (no ring)
rCorr   .          Rampage  .   (no ring)
Will    .....                   (no ring)
Stlth   ++++......              (no ring)
HPRegen 0.05/turn               (no ring)
MPRegen 0.07/turn               (no ring)
                                (no ring)
                                (no ring)

@: no status effects
A: almost no armour, amphibious, 8 rings, camouflage 1, gelatinous body 1,
(nimble swimmer 1), tentacles
a: no special abilities


You were on level 6 of the Dungeon.
You visited 1 branch of the dungeon, and saw 2 of its levels.

Inventory:

Hand Weapons
 a - a +0 short sword (weapon)
Jewellery
 d - a ring of willpower
Wands
 f - a wand of digging (3)
Scrolls
 b - a scroll of fog
 c - a scroll of magic mapping
 g - a scroll of identify {unknown}
Potions
 e - a potion of haste


   Skills:
 + Level 3.0 Fighting
 + Level 2.0 Short Blades
 + Level 2.0 Dodging
 + Level 6.6 Stealth


You couldn't memorise any spells.
You didn't know any spells.
Your spell library was empty.

Dungeon Overview and Level Annotations

Branches:
Dungeon (6/15)
 Temple: D:4-7

Altars:


Innate Abilities, Weirdness & Mutations

You cannot wear most types of armour.
You are amphibious.
You can wear up to eight rings at the same time.
Your skin changes colour to match your surroundings (Stealth+).
Your rubbery body absorbs attacks. (AC +1, EV +1)
((You are camouflaged near water. (Stealth+)))
You have tentacles for arms and can constrict up to eight enemies at once.


Message History

There is a stone staircase leading up here.
You hit the orc. Your grab misses the orc. You squeeze the orc.
You kill the orc!
Found a scroll labelled WAESUF FETE.
Things that are here:
a +0 hand axe; an orc corpse An orc comes into view.
It is wielding a +0 flail.
Found 12 arrows.
Things that are here:
a +0 hand axe; an orc corpse
There is a stone staircase leading up here.
An orc, an orc priest and a centaur come into view.
Found 10 sling bullets.
An adder and an orc priest come into view.
The adder hisses angrily.
The orc shouts!
A centaur zombie comes into view.
The centaur shouts!
The orc priest shouts!
An orc comes into view. It is wielding a +0 flail.
Found 8 gold pieces.
The orc shouts!
The centaur wields a +0 shortbow.
The centaur shoots an arrow.
The arrow hits you!
Ouch! That really hurt!
* * * LOW HITPOINT WARNING * * *
An orc priest comes into view. It is wielding a +0 flail.
The orc barely misses you.
You see here a ring of willpower.
As you read the scroll of fear, it crumbles to dust.
You assume a fearsome visage.
The orc priest looks frightened!
The orc looks frightened!
The orc priest looks frightened!
The orc priest shouts!
The orc looks frightened!
The orc priest looks frightened!
The orc priest shouts!
The adder looks frightened!
The centaur zombie is unaffected.
The centaur looks frightened!
The centaur cries, "Help!"
d - a ring of willpower The centaur zombie barely misses you. x2; The centaur zombie misses you.
The centaur zombie kicks you.
You die...

#.. ..... ....
.#........ ... $#
.?..... ..##...# .##. .
....... #.#..#.##... ..
#.....##.........##.##
.#......#...# #.(..S.c#
............###.......#
.........<............#
.......#)..#...@Z.o...#
(.........###..>......#
#.$....#...##..........
.#..#..#..$.#......o...
#.. #..##...........#.o
. #.o ...........## .
##. .##..#.....# #.
#..##....# #. .#


You could see a centaur (fleeing), 2 orc priests, an adder (fleeing), an orc
(fleeing) and a centaur zombie.

Vanquished Creatures
  An orc (D:6)
1 creature vanquished.

Notes
Turn   | Place    | Note
-------+----------+-------------------------------------------
     0 | D:5      | AttackTheMoon the Octopode Delver began the quest for the
                  | Orb.
     0 | D:5      | Reached XP level 1. HP: 16/16 MP: 1/1
     5 | D:5      | Noticed an orc wizard
    22 | D:6      | Noticed an orc priest
    22 | D:6      | Noticed a centaur
    23 | D:6      | Noticed an orc priest
    24 | D:6      | Noticed an orc priest
    27 | D:6      | Slain by a centaur zombie

Illustrated notes

Levels and vault maps discovered:
D:5:      layout_rooms, nicolae_kikubaaqudgha_miasma_corner,
          kennysheep_pointless_box, serial_park_tiny_2
D:6:      lemuel_insect_pit, layout_cave_pools, minmay_temple_entry_grid

Action                   || total
-------------------------++-------
Melee: Short sword       ||     1
       Tentacles         ||     1
  Use: Scroll            ||     1
Dodge: Dodged            ||     5

Table legend: (Time is in decaauts)
 A = Elapsed time spent in this place.
 B = Non-inter-level travel time spent in this place.
 C = Inter-level travel time spent in this place.
 D = Time resting spent in this place.
 E = Time spent auto-exploring this place.
 F = Levels seen in this place.
 G = Mean time per level.
                   A        B        C        D        E       F      G
               +--------+--------+--------+--------+--------+-----+--------+
         Total |     26 |     26 |      0 |      0 |      0 |   2 |   13.0 |
       Dungeon |     26 |     26 |      0 |      0 |      0 |   2 |   13.0 |
               +--------+--------+--------+--------+--------+-----+--------+

Top non-repeatable levels by time:
     D:5: 14 daAuts
     D:6: 12 daAuts
